 Dungeon Crawl Stone Soup version 0.21.1-1-g345015f (webtiles) character file.

17511 Supreme the Unseen (level 12, 0/84 HPs)
             Began as a Spriggan Enchanter on Apr 7, 2018.
             Was the Champion of Okawaru.
             Succumbed to a black mamba's poison
             ... on level 4 of the Lair of Beasts.
             The game lasted 05:53:22 (14625 turns).

Supreme the Unseen (Spriggan Enchanter)            Turns: 14625, Time: 05:53:23

Health: 0/84       AC: 30    Str:  9    XL:     12   Next: 19%
Magic:  24/27      EV:  4    Int: 21    God:    Okawaru [******]
Gold:   1337       SH:  0    Dex: 17    Spells: 4/32 levels left

rFire    . . .     SeeInvis +   G - +9 quick blade
rCold    . . .     Gourm    .   (shield restricted)
rNeg     + + +     Faith    .   (armour currently unavailable)
rPois    +         Spirit   .   (helmet currently unavailable)
rElec    .         Reflect  .   (cloak currently unavailable)
rCorr    .         Harm     .   (gloves unavailable)
MR       ++...     NoTele   +   (boots unavailable)
Stlth    ++++++....             (no amulet)
HPRegen  0.24/turn              a - +4 ring of protection
MPRegen  0.20/turn              w - ring of wizardry

@: mighty, lethally poisoned (0 -> -3), tree-form, very slightly contaminated
A: very small, unfitting armour, see invisible, herbivore, slow metabolism 2
a: Heroism, Finesse, Renounce Religion


You were on level 4 of the Lair of Beasts.
You worshipped Okawaru.
Okawaru was exalted by your worship.
You were not hungry.
You were a tree.
You visited 4 branches of the dungeon, and saw 20 of its levels.
You also visited: Ice Cave and Volcano.

You collected 1365 gold pieces.
You spent 28 gold pieces at shops.

Inventory:

Hand Weapons
 t - a +1 short sword of protection
 G - a +9 quick blade (weapon)
 N - a +3 shortbow of flaming
Missiles
 T - 219 arrows
Armour
 j - a +0 cloak (melded)
 k - the +1 robe "Iraluep" (melded) {rElec rCorr Dex-5}
   (You found it on level 8 of the Dungeon)

   It affects your dexterity (-5).
   It insulates you from electricity.
   It protects you from acid and corrosion.
 O - a +1 buckler
Jewellery
 a - a +4 ring of protection (left branch)
 b - an uncursed ring of poison resistance
 c - an uncursed ring of ice
 u - the ring of Vuinuuginn {rC+ MR+ Str-5 Dex+6 SInv}
   (You found it in an ice cave)

   [ring of see invisible]

   It affects your strength (-5).
   It affects your dexterity (+6).
   It protects you from cold.
   It affects your resistance to hostile enchantments.
   It lets you see invisible.
 w - a ring of wizardry (right branch)
 z - an uncursed ring of fire
 F - an uncursed ring of positive energy
 H - an uncursed ring of protection from fire
Wands
 x - a wand of digging (4)
 y - a wand of polymorph (6)
 I - a wand of disintegration (16)
 X - a wand of iceblast (8)
Scrolls
 e - a scroll of enchant weapon
 f - 4 scrolls of teleportation
 g - a scroll of blinking
 h - a scroll of magic mapping
 i - 6 scrolls of remove curse
 s - 4 scrolls of immolation
Potions
 n - a potion of cancellation
 r - a potion of haste
 v - a potion of agility {unknown}
 K - a potion of flight {unknown}
 Y - 2 potions of berserk rage
Comestibles
 d - 9 rations


   Skills:
 + Level 2.4 Fighting
 - Level 10.0 Short Blades
   Level 1.6 Slings
 + Level 5.2 Bows
 + Level 5.7 Dodging
 + Level 15.0 Stealth
 + Level 10.8 Spellcasting
 + Level 1.4 Conjurations
 + Level 10.3 Hexes
 + Level 1.1 Translocations
 + Level 2.8 Transmutations
 + Level 4.1 Ice Magic
 + Level 0.6 Invocations
 + Level 1.5 Evocations


You had 4 spell levels left.
You knew the following spells:

 Your Spells              Type           Power        Failure   Level  Hunger
a - Corona                Hex            ######.      1%          1    None
b - Ensorcelled Hibernat  Hex/Ice        #####.       1%          2    None
c - Dazzling Spray        Conj/Hex       #####.       1%          3    None
d - Tukima's Dance        Hex            ######..     1%          3    None
e - Confuse               Hex            ######..     1%          3    None
f - Fulminant Prism       Conj/Hex       #####.....   2%          4    ##.....
g - Gell's Gravitas       Tloc           ###.......   4%          3    None
h - Sticks to Snakes      Tmut           ###.....     1%          2    None
i - Invisibility          Hex            ######..     5%          6    ######.
j - Summon Butterflies    Summ           ##......     2%          1    None


Dungeon Overview and Level Annotations

Branches:
Dungeon (12/15)            Temple (1/1) D:7            Lair (5/6) D:10
 Shoals (0/4) Lair:2          Orc (2/2) D:10
  Snake: Lair:2-4    Spider: Lair:2-4     Slime: Lair:5-6       Elf: Orc:2

Altars:
Ashenzari
Cheibriados
Dithmenos
Elyvilon
Fedhas
Gozag
Hepliaklqana
Kikubaaqudgha
Makhleb
Nemelex Xobeh
Okawaru
Qazlal
Ru
Sif Muna
Trog
Uskayaw
Vehumet
Wu Jian
Xom
Yredelemnul
Zin
The Shining One

Shops:
D:8 =   Orc:2 !

Annotations:
D:8 Gastronok


Innate Abilities, Weirdness & Mutations

You are very small and have problems with some larger weapons.
You are too small for most types of armour.
You have supernaturally acute eyesight. (SInv)
You are a herbivore.
((You cover ground extremely quickly.))
You need consume almost no food.


Message History

You climb upwards.
* * * LOW HITPOINT WARNING * * *
You feel sick.
There is a stone staircase leading down here.
Okay, then.
You turn into a tree.
Your +0 cloak melds into your body.
The +1 robe "Iraluep" {rElec rCorr Dex-5} melds into your body.
Your roots penetrate the ground.
* * * LOW HITPOINT WARNING * * *
You feel sick.
There is a lethal amount of poison in your body!
* * * LOW HITPOINT WARNING * * *
You feel sick.
* * * LOW HITPOINT WARNING * * *
You feel sick.
* * * LOW HITPOINT WARNING * * *
You feel sick.
It was a potion of might.
You feel very mighty all of a sudden.
You die...

# #P# #..#### #
#.#..####
###.#...♣...#
##...#......##
#..........###
#........#.#.###
P........#.....#
D..#....<..#P###
#...#..P####
...####...P ..
......


There were no monsters in sight!

Vanquished Creatures
  A hydra (Lair:1)
  A centaur warrior (Volcano)
  Pikel (D:5)
  A manticore (Lair:2)
  A black mamba (Lair:5)
  2 spiny frogs
  2 molten gargoyles (Volcano)
  A yaktaur (Volcano)
  A rime drake (IceCv)
  8 komodo dragons
  A hornet (D:9)
  2 hippogriffs
  Grinder (D:3)
  A meliai zombie (D:10)
  7 fire bats (Volcano)
  A basilisk (Lair:3)
  11 yaks
  7 water moccasins
  2 porcupines
  14 ice beasts
  9 orc warriors
  2 sky beasts
  A black bear (Lair:3)
  2 phantoms (D:10)
  7 centaurs
  3 ogres
  2 crocodiles
  2 big kobolds (D:9)
  7 bullfrogs
  4 scorpions
  3 killer bees (D:9)
  4 howler monkeys (D:10)
  2 electric eels (D:8)
  4 crimson imps
  6 lava snakes (Volcano)
  3 orc priests
  2 hounds
  3 jellies
  4 bullfrog skeletons
  3 centaur skeletons
  15 orc wizards
  7 iguanas
  7 worker ants
  2 hound skeletons
  A worker ant zombie (D:9)
  11 gnolls
  11 adders
  A shadow imp (D:5)
  2 adder skeletons
  5 worms
  10 leopard geckos
  46 orcs
  7 bats
  6 giant cockroaches
  4 goblins
  10 hobgoblins
  7 jackals
  5 quokkas
  2 ball pythons
  6 frilled lizards
  7 kobolds
  10 rats
321 creatures vanquished.

Vanquished Creatures (collateral kills)
  A rime drake (IceCv)
  A porcupine (Lair:2)
  A water moccasin (Lair:2)
  An ice beast (IceCv)
  An ogre (D:6)
  A gnoll sergeant (D:7)
  A gnoll shaman (D:5)
  A gnoll (D:7)
  3 goblins
11 creatures vanquished.

Vanquished Creatures (others)
  A dancing weapon (D:5)
  A slave (D:5)
  18 fulminant prisms
  3 plants (D:9)
23 creatures vanquished.

Grand Total: 355 creatures vanquished

Notes
Turn   | Place    | Note
-------+----------+-------------------------------------------
     0 | D:1      | Supreme the Spriggan Enchanter began the quest for the Orb.
     0 | D:1      | Reached XP level 1. HP: 9/9 MP: 5/5
   179 | D:1      | Reached XP level 2. HP: 13/13 MP: 4/6
   183 | D:1      | Learned a level 2 spell: Ensorcelled Hibernation
   224 | D:1      | Reached skill level 5 in Stealth
   317 | D:2      | Reached XP level 3. HP: 15/16 MP: 8/8
   356 | D:1      | Learned a level 3 spell: Dazzling Spray
   859 | D:2      | Reached skill level 6 in Stealth
  1136 | D:3      | Reached XP level 4. HP: 17/21 MP: 6/9
  1233 | D:2      | Learned a level 3 spell: Tukima's Dance
  1360 | D:3      | Found a shattered altar of Ashenzari.
  1362 | D:3      | You fall through a shaft!
  1633 | D:3      | Noticed Grinder
  1735 | D:3      | Noticed an ice beast
  1866 | D:4      | Noticed an ogre
  1896 | D:4      | Killed an ogre
  1896 | D:4      | Reached skill level 7 in Stealth
  1896 | D:4      | Reached XP level 5. HP: 24/24 MP: 4/12
  1901 | D:4      | Learned a level 3 spell: Confuse
  1992 | D:4      | Reached skill level 1 in Ice Magic
  1995 | D:4      | Reached XP level 6. HP: 22/28 MP: 1/13
  2036 | D:5      | Entered Level 5 of the Dungeon
  2330 | D:5      | Noticed Pikel
  2330 | D:5      | Noticed a slave
  2343 | D:5      | Noticed a slave
  2346 | D:5      | Noticed a slave
  2533 | D:5      | Reached skill level 8 in Stealth
  2612 | D:5      | Found an iron altar of Okawaru.
  2622 | D:5      | Became a worshipper of Warmaster Okawaru
  3017 | D:5      | Noticed a slave
  3017 | D:5      | Killed Pikel
  3017 | D:5      | Reached * piety under Okawaru
  3017 | D:5      | Reached skill level 5 in Spellcasting
  3017 | D:5      | Reached skill level 5 in Hexes
  3017 | D:5      | Reached XP level 7. HP: 26/32 MP: 8/16
  3311 | D:3      | Paralysed by Grinder for 3 turns
  3325 | D:3      | Killed Grinder
  3325 | D:3      | Reached skill level 9 in Stealth
  3325 | D:3      | Reached XP level 8. HP: 4/36 MP: 7/18
  3377 | D:3      | HP: 1/36 [goblin/stone (2)]
  4087 | D:4      | Reached ** piety under Okawaru
  4236 | D:3      | Reached skill level 5 in Short Blades
  4536 | D:4      | You fall through a shaft for 2 floors!
  4552 | D:6      | Reached skill level 10 in Stealth
  4641 | D:8      | Noticed Gastronok
  5037 | D:6      | Reached XP level 9. HP: 19/40 MP: 8/20
  5230 | D:6      | Reached skill level 1 in Bows
  5589 | D:7      | Reached *** piety under Okawaru
  5598 | D:7      | Reached skill level 1 in Slings
  5987 | D:7      | Reached skill level 1 in Fighting
  6051 | D:7      | Reached skill level 11 in Stealth
  6059 | D:7      | Found a staircase to the Ecumenical Temple.
  6272 | D:9      | Found a burning altar of Makhleb.
  6612 | D:8      | Got a crude robe
  6623 | D:8      | Identified the +1 robe "Iraluep" {rElec rCorr Dex-5} (You found it on level 8 of the Dungeon)
  6649 | D:8      | Found Mur Dyhe's Jewellery Shop.
  6751 | D:8      | Bought a cursed -2 ring of evasion for 28 gold pieces
  7217 | D:8      | Reached skill level 12 in Stealth
  7317 | Temple   | Entered the Ecumenical Temple
  7463 | Temple   | Learned a level 4 spell: Fulminant Prism
  7467 | Temple   | Learned a level 3 spell: Gell's Gravitas
  7786 | D:9      | Reached **** piety under Okawaru
  7794 | D:9      | Received a gift from Okawaru
  8068 | D:9      | Reached XP level 10. HP: 25/46 MP: 3/22
  8376 | D:10     | Entered Level 10 of the Dungeon
  8481 | D:10     | Noticed a gargoyle
  8558 | D:9      | Noticed a three-headed hydra
  8836 | D:9      | Received a gift from Okawaru
  9058 | D:11     | Noticed a cyclops
  9224 | D:10     | Learned a level 2 spell: Sticks to Snakes
  9230 | D:10     | Learned a level 5 spell: Yara's Violent Unravelling
  9828 | D:10     | Reached skill level 13 in Stealth
  9844 | D:10     | Found a staircase to the Orcish Mines.
  9863 | D:10     | Found a staircase to the Lair.
  9869 | Lair:1   | Entered Level 1 of the Lair of Beasts
  9891 | Orc:1    | Entered Level 1 of the Orcish Mines
  9893 | Orc:1    | Noticed a two-headed ogre
  9926 | Orc:1    | Found a frozen archway.
  9972 | IceCv    | Entered an ice cave
  9983 | IceCv    | Reached skill level 1 in Transmutations
  9990 | IceCv    | Learned a level 1 spell: Summon Butterflies
 10010 | IceCv    | Reached ***** piety under Okawaru
 10041 | IceCv    | Reached skill level 1 in Translocations
 10245 | IceCv    | Noticed an ice statue
 10245 | IceCv    | Noticed an ice statue
 10556 | IceCv    | Reached skill level 5 in Bows
 10622 | IceCv    | Reached XP level 11. HP: 49/50 MP: 23/25
 10626 | IceCv    | Noticed an ice dragon
 10635 | IceCv    | Learned a level 6 spell: Invisibility
 10638 | IceCv    | Noticed an ice dragon
 10656 | IceCv    | Got a crude lead ring
 10691 | IceCv    | Lost strength.
 10691 | IceCv    | Identified the ring of Vuinuuginn {rC+ MR+ Str-5 Dex+6 SInv} (You found it in an ice cave)
 11067 | IceCv    | HP: 2/50 [ice dragon/blast of cold (26)]
 11391 | Orc:2    | Entered Level 2 of the Orcish Mines
 11394 | Orc:2    | Found Pecopsit's Distillery.
 11406 | Orc:2    | Received a gift from Okawaru
 11424 | Orc:2    | Noticed an orc sorcerer
 11888 | Lair:3   | Reached skill level 1 in Conjurations
 11927 | Lair:3   | Found a dark tunnel.
 11936 | Volcano  | Entered a volcano
 12017 | Volcano  | Received a gift from Okawaru
 12054 | Volcano  | Found a radiant altar of Vehumet.
 12054 | Volcano  | Noticed a centaur warrior
 12061 | Volcano  | Killed a centaur warrior
 12061 | Volcano  | Reached skill level 5 in Dodging
 12061 | Volcano  | Reached skill level 14 in Stealth
 12173 | Volcano  | Noticed a hell knight
 12262 | Volcano  | Received a gift from Okawaru
 12541 | Volcano  | Reached skill level 1 in Evocations
 13010 | Lair:2   | Found a staircase to the Shoals.
 13030 | Lair:2   | Reached skill level 10 in Spellcasting
 13251 | Lair:1   | Reached ****** piety under Okawaru
 13372 | Lair:1   | Reached skill level 10 in Short Blades
 13411 | Lair:1   | Reached skill level 10 in Hexes
 13432 | Lair:1   | Received a gift from Okawaru
 13495 | Lair:1   | Reached XP level 12. HP: 40/55 MP: 2/27
 13684 | Lair:1   | Noticed a seven-headed hydra
 13756 | Lair:1   | Killed a seven-headed hydra
 14583 | Lair:4   | Noticed an eight-headed hydra
 14603 | Lair:5   | Reached skill level 15 in Stealth
 14620 | Lair:4   | HP: 3/84 [poisoned by a black mamba]
 14624 | Lair:4   | HP: 1/84 [poisoned by a black mamba]
 14625 | Lair:4   | Succumbed to a black mamba's poison

Skill      XL: |  1  2  3  4  5  6  7  8  9 10 11 12 |
---------------+-------------------------------------+-----
Spellcasting   | 3 4 5 6 7 9 10 | 10.8
Hexes          | 4 5 7 8 9 10 | 10.3
Stealth        | 5 6 7 8 9 10 12 13 14 15 | 15.0
Short Blades   | 2 4 5 6 8 10 | 10.0
Ice Magic      | 1 2 3 4 |  4.1
Dodging        | 4 5 |  5.7
Bows           | 3 5 |  5.2
Slings         | 1 |  1.6
Fighting       | 1 2 |  2.4
Transmutations | 2 |  2.8
Translocations | 1 |  1.1
Conjurations   | 1 |  1.4
Evocations     | 1 |  1.5
Invocations    | |  0.6

Action                   |  1- 3 |  4- 6 |  7- 9 | 10-12 || total
-------------------------+-------+-------+-------+-------++-------
Melee: Dagger            |    68 |    79 |   213 |   292 ||   652
       Short sword       |     4 |    26 |     4 |   123 ||   157
       Whip              |       |       |    14 |       ||    14
       Quick blade       |       |       |       |   101 ||   101
 Fire: Shortbow          |       |       |    69 |    50 ||   119
       Hunting sling     |       |       |    36 |    10 ||    46
Throw: Tomahawk          |       |       |     3 |       ||     3
 Cast: Corona            |     7 |     1 |       |       ||     8
       Ensorcelled Hiber |    13 |    33 |    70 |    97 ||   213
       Dazzling Spray    |     3 |     3 |    17 |    24 ||    47
       Tukima's Dance    |       |     7 |     8 |     2 ||    17
       Confuse           |       |     6 |    32 |    24 ||    62
       Fulminant Prism   |       |       |     5 |    13 ||    18
       Sticks to Snakes  |       |       |       |    43 ||    43
       Gell's Gravitas   |       |       |       |     2 ||     2
       Summon Butterflie |       |       |       |     4 ||     4
       Invisibility      |       |       |       |     4 ||     4
Invok: Heroism           |       |       |       |     4 ||     4
       Finesse           |       |       |       |     1 ||     1
Evoke: Wand              |       |       |    12 |    18 ||    30
  Use: Scroll            |       |       |    10 |    26 ||    36
       Potion            |       |       |       |     8 ||     8
 Stab: Sleeping          |    22 |    32 |    52 |    62 ||   168
       Distracted        |     1 |     1 |     3 |     6 ||    11
       Invisible         |     1 |     1 |     5 |     3 ||    10
       Confused          |       |     1 |    12 |     6 ||    19
       Petrified         |       |       |       |     1 ||     1
  Eat: Ration            |       |     2 |     3 |     6 ||    11
Armor: Robe              |     6 |     8 |    21 |    63 ||    98
Dodge: Dodged            |    51 |    80 |   124 |   293 ||   548
Block: Buckler           |       |       |     4 |    22 ||    26
